 Dungeon Sprint DCSS version 0.30.1-5-ged363bc7ee (webtiles) character file.

Game seed: 9574304808706973590

12 Heoruswealwe the Conjurer (level 1, 10/10 HPs)
             Began as a Deep Elf Conjurer on Sept 19, 2023.
             Was an Initiate of Gozag.
             Got out of the dungeon alive.
             The game lasted 00:01:29 (95 turns).

Heoruswealwe the Conjurer (Deep Elf Conjurer)         Turns: 95, Time: 00:01:30

Health: 10/10      AC:  2    Str:  4    XL:     1   Next: 58%
Magic:  3/7        EV: 12    Int: 22    God:    Gozag
Gold:   391        SH:  0    Dex: 13    Spells: 7/8 levels left

rFire   . . .        (no weapon)
rCold   . . .        (no shield)
rNeg    . . .        a - +0 robe
rPois   .            (no helmet)
rElec   .            (no cloak)
rCorr   .            (no gloves)
SInv    .            (no boots)
Will    .....        (no amulet)
Stlth   ++           (no ring)
HPRegen 0.21/turn    (no ring)
MPRegen 0.10/turn

%: no teleportation
@: no status effects
A: no striking features
a: Renounce Religion, Potion Petition, Call Merchant, Bribe Branch


You escaped.
You worshipped Gozag.
Gozag was aware of your devotion.
You visited 1 branch You collected 481 gold pieces.
You spent 90 gold pieces at shops.

Inventory:

Hand Weapons
 l - a +0 short sword
 n - a +0 short sword
 o - a +0 whip
Missiles
 m - 5 stones
Armour
 a - a +0 robe (worn)
Jewellery
 p - the amulet of the Lotus Blossom {Regen+ Dex+3}
   (You bought it in a shop in the Dungeon)

   [amulet of regeneration]

   Dex:       It affects your dexterity (+3).
   Regen:     It increases your rate of health regeneration.
 q - the amulet "Ydaisism" {Acrobat Fly rF+ rCorr Str+3}
   (You bought it in a shop in the Dungeon)

   [amulet of the acrobat]

   It increases your evasion while moving and waiting.
   Str:       It affects your strength (+3).
   rF:        It protects you from fire.
   Fly:       It grants you flight.
   rCorr:     It protects you from acid and corrosion.
Wands
 i - a wand of quicksilver (5)
 j - a wand of iceblast (5)
Scrolls
 g - 4 scrolls of blinking
 k - 3 scrolls of fog
Potions
 b - 3 potions of magic
 c - a potion of curing
 d - 4 potions of heal wounds
 e - 4 potions of haste
 f - a potion of berserk rage
 h - a potion of resistance


   Skills:
 - Level 2.4 Dodging
 - Level 2.4 Stealth
 + Level 4.3 Spellcasting
 + Level 5.1 Conjurations


You had 7 spell levels left.
You knew the following spells:

 Your Spells              Type           Power      Damage    Failure   Level
a - Magic Dart            Conj           100%       1d8       1%          1

Your spell library contained the following spells:

 Spells                   Type           Power      Damage    Failure   Level
 Searing Ray              Conj           54%        2d6       1%          2
 Dazzling Flash           Conj/Hex       32%        N/A       12%         3
 Fulminant Prism          Conj/Hex       8%         3d7       36%         4
 Iskenderun's Mystic Bla  Conj/Tloc      16%        2d5       36%         4


Dungeon Overview and Level Annotations

Branches:
Dungeon (1/1)

Altars:
Cheibriados
Dithmenos
Fedhas
Gozag
Kikubaaqudgha
Makhleb
Okawaru
Qazlal
Ru
Sif Muna
Trog
Uskayaw
Vehumet
Wu Jian
Xom
Yredelemnul
Zin
The Shining One
Lugonu

Shops:
D *[??*?*:[((!!!!


Message History

Things that are here:
a +0 short sword; a stone
l - a +0 short sword;
m - a stone A kobold comes into view. It is wielding a +0 short sword.
The magic dart hits the kobold.
The kobold is heavily wounded.
The kobold shouts!
The magic dart hits the kobold but does no damage.
The kobold is heavily wounded.
The magic dart hits the kobold.
The kobold is severely wounded.
The kobold throws a stone.
The stone barely misses you.
The magic dart hits the kobold.
You kill the kobold!
Your Conjurations skill increases to level 5!
You now have enough gold to petition Gozag for potion effects.
You now have 407 gold pieces (gained 36).
m - 5 stones (gained 4)
You see here a +0 short sword.
You see here a +0 short sword.
n - a +0 short sword The kobold shouts!
The magic dart hits the kobold.
You kill the kobold!
Victory!
Score multiplier: 2x You now have 12 arena points (gained 12).
You now have 427 gold pieces (gained 20).
You now have 481 gold pieces (gained 54).
You see here a +0 whip.
You see here a +0 whip.
o - a +0 whip
There is an entrance to Mimuliw's Jewellery here.
p - the amulet of the Lotus Blossom {Regen+ Dex+3} You no longer have enough gold to petition Gozag for potion effects.
q - the amulet "Ydaisism" {Acrobat Fly rF+ rCorr Str+3} Thank you for shopping at Mimuliw's Jewellery!
There is a staircase leading out of the dungeon here.
Are you sure you want to leave the Dungeon?
This will make you lose the game!
You have escaped!

#_......._# ###.........###
#⌠...........⌠#
######.8.........8.######
##.._.......###......_._∩##
###∩........8.# #.8........∩##
#.............###.............#
#⌠..........###...###..........⌠
#⌠..........# #.@.# #..........⌠
#⌠..........###...# #..........⌠
##.............###.............#
###∩........8.# .8........∩###
##∩___......###......___∩##
######.8.........8.######
#⌠...........⌠# ###.........###
#_........#


There were no monsters in sight!

Vanquished Creatures
  An endoplasm (D)
  A bat (D)
  3 kobolds (D)
5 creatures vanquished.

Notes
Turn   | Place    | Note
-------+----------+-------------------------------------------
     0 | D        | Heoruswealwe the Deep Elf Conjurer began the quest for the
                  | Orb.
     0 | D        | Reached XP level 1. HP: 10/10 MP: 6/6
     0 | D        | Found an ornate altar of the Wu Jian Council.
     0 | D        | Found a glowing golden altar of the Shining One.
     4 | D        | Found a burning altar of Makhleb.
     4 | D        | Found a hide-covered altar of Uskayaw.
     5 | D        | Found a sacrificial altar of Ru.
     5 | D        | Round 1.
     6 | D        | Found Esuat's Identification Station.
     6 | D        | Found a glowing silver altar of Zin.
     7 | D        | Found Gadoll's Advanced Armour.
     7 | D        | Found Mimuliw's Jewellery.
     9 | D        | Found a snail-covered altar of Cheibriados.
    10 | D        | Found a blossoming altar of Fedhas.
    10 | D        | Found a shimmering altar of Xom.
    10 | D        | Found Pezeasm's Premium Goods.
    10 | D        | Found Jevigag's Weapon Rack.
    11 | D        | Found Ciaxykle's Miscellaneous Merchandise.
    11 | D        | Found Joif's Basic Armour.
    18 | D        | Found a shimmering blue altar of Sif Muna.
    19 | D        | Found an ancient bone altar of Kikubaaqudgha.
    20 | D        | Found a corrupted altar of Lugonu.
    20 | D        | Found an iron altar of Okawaru.
    21 | D        | Found a stormy altar of Qazlal.
    21 | D        | Found Desot's Magic Scroll Shop.
    21 | D        | Found Kiw Meip's Staff Store.
    22 | D        | Found Qatupp's Magic Scroll Shop.
    22 | D        | Found Melatiy's Must-Have Magic.
    24 | D        | Found an opulent altar of Gozag.
    26 | D        | Found a basalt altar of Yredelemnul.
    27 | D        | Found Hopobooc's Distillery.
    28 | D        | Found Done's Distillery.
    28 | D        | Found Qyrierru's Bottled Wisdom.
    32 | D        | Became a worshipper of Gozag Ym Sagoz the Greedy
    37 | D        | Found a bloodstained altar of Trog.
    37 | D        | Found a shadowy altar of Dithmenos.
    37 | D        | Found a radiant altar of Vehumet.
    37 | D        | Found Noru's Do-It-Yourself Clinic.
    56 | D        | Reached skill level 5 in Conjurations
    65 | D        | Arena points: 12 (+12) [x2]
    82 | D        | Bought a bound bone amulet for 45 gold pieces
    82 | D        | Identified the amulet of the Lotus Blossom {Regen+ Dex+3}
                  | (You bought it in a shop in the Dungeon)
    82 | D        | Bought a bound sapphire amulet for 45 gold pieces
    82 | D        | Identified the amulet "Ydaisism" {Acrobat Fly rF+ rCorr
                  | Str+3} (You bought it in a shop in the Dungeon)
    95 | D        | Got out of the dungeon alive.

Illustrated notes

Levels and vault maps discovered:
D:        arena_sprint

Skill      XL: |  1 |
---------------+----+-----
Spellcasting   | 4 |  4.3
Conjurations   | 5 |  5.1
Dodging        | |  2.4
Stealth        | |  2.4

Action                     || total
---------------------------++-------
   Cast: Magic Dart        ||     9
  Dodge: Dodged            ||     5
